 Dungeon Crawl Stone Soup version 0.21-a0-442-g848f44b (webtiles) character file.

25 kae the Ruffian (level 2, -4/23 HPs)
             Began as a Draconian Transmuter on Nov 16, 2017.
             Slain by a worm (12 damage)
             ... on level 2 of the Dungeon.
             The game lasted 00:01:12 (989 turns).

kae the Ruffian (Draconian Transmuter)               Turns: 989, Time: 00:01:12

Health: -4/23      AC:  4    Str: 12    XL:     2   Next: 86%
Magic:  1/5        EV: 12    Int: 13    God:
Gold:   39         SH:  0    Dex: 11    Spells: 2/5 levels left

rFire    . . .     SeeInvis .   h - +0 hand axe
rCold    . . .     Gourm    .   (no shield)
rNeg     . . .     Faith    .   (armour unavailable)
rPois    .         Spirit   .   (helmet restricted)
rElec    .         Reflect  .   (no cloak)
rCorr    .         Harm     .   (no gloves)
MR       .....                  (no boots)
Stlth    +.........             (no amulet)
HPRegen  0.07/turn              (no ring)
MPRegen  0.09/turn              (no ring)

@: no status effects
A: unfitting armour, cold-blooded, AC +4
a: no special abilities


You were on level 2 of the Dungeon.
You were hungry.

You visited 1 branch of the dungeon, and saw 2 of its levels.

You collected 39 gold pieces.

Inventory:

Hand Weapons
 h - a +0 hand axe (weapon)
Missiles
 a - 10 arrows
Scrolls
 e - a scroll of enchant armour
Potions
 d - a potion of degeneration {unknown}
 g - a potion of curing
 j - a potion of heal wounds {unknown}
Books
 b - a book of Changes

   Spells                             Type                      Level
   a - Beastly Appendage              Transmutation                1
   b - Sticks to Snakes               Transmutation                2
   c - Spider Form                    Transmutation/Poison         3
   d - Ice Form                       Ice/Transmutation            4
   e - Blade Hands                    Transmutation                5
Comestibles
 c - 2 bread rations
 f - a chunk of flesh
 i - 2 meat rations


   Skills:
 + Level 1.5 Fighting
 - Level 1.7 Dodging
 * Level 3.4 Unarmed Combat
 + Level 2.1 Spellcasting
 * Level 2.6 Transmutations


You had 2 spell levels left.
You knew the following spells:

 Your Spells              Type           Power        Failure   Level  Hunger
a - Beastly Appendage     Tmut           #.....       9%          1    ##.....
b - Sticks to Snakes      Tmut           #.......     13%         2    ###....


Dungeon Overview and Level Annotations

Branches:
Dungeon (2/15)

Altars:


Innate Abilities, Weirdness & Mutations

Your plain brown scales are hard. (AC +4)
You cannot fit into any form of body armour.
You are cold-blooded and may be slowed by cold attacks.


Message History

You finish memorising.
Spell assigned to 'b'.
Casting: Beastly Appendage
Confirm with . or Enter, or press ? or * to list all spells.
You create a snake!
You now have 11 arrows.
You are feeling hungry.
The teleport trap disappears.
Your ball python disappears!
The worm barely misses you.
Casting: Sticks to Snakes
Confirm with . or Enter, or press ? or * to list all spells.
You create a snake!
You now have 10 arrows.
The worm bites you.
Your ball python barely misses the worm.
Your ball python grabs the worm.
Your ball python constricts the worm.
You hit the worm.
The worm is lightly wounded.
Your ball python bites the worm.
Your ball python constricts the worm.
The worm bites you!
Ouch! That really hurt!
You die...

## ...
######### ..
#<.......
.#.#.##.######.
...........#
...#.##@##.# #
#Sw......
####.#### .# w#
.# ..


You could see a worm and a friendly ball python.

Vanquished Creatures
  A dart slug (D:1)
  3 giant cockroaches
  2 goblins
  4 hobgoblins (D:1)
  5 bats
  3 kobolds (D:1)
  5 rats
23 creatures vanquished.

Notes
Turn   | Place    | Note
-------+----------+-------------------------------------------
     0 | D:1      | kae the Draconian Transmuter began the quest for the Orb.
     0 | D:1      | Reached XP level 1. HP: 16/16 MP: 3/3
   270 | D:1      | Reached XP level 2. HP: 19/23 MP: 3/5
   984 | D:2      | Learned a level 2 spell: Sticks to Snakes
   989 | D:2      | Slain by a worm

Vault maps used:
D:1:      matt_arrival_los_fun
D:2:      st_stairs_1

Action                   || total
-------------------------++-------
Melee: Unarmed           ||    43
       Tailslap          ||     8
       Headbutt          ||     2
       Hand axe          ||    29
       Kick              ||     4
 Cast: Beastly Appendage ||     9
       Sticks to Snakes  ||     2
  Use: Scroll            ||     2
Armor: Skin              ||    25
Dodge: Dodged            ||    69

Table legend:
 A = Spawn XP
 B = Non-spawn XP
 C = Spawn XP percentage of total XP
 D = Spawn monster count
 E = Non-spawn monster count
 F = Spawn count percentage of total count
 G = Total turns spent on level
                    A         B        C        D         E        F      G
               +---------+---------+-------+---------+---------+-------+---------
         Total |       0 |      37 |   0.0 |       0 |      23 |   0.0 |   989
               +---------+---------+-------+---------+---------+-------+---------
           D:1 |       0 |      31 |   0.0 |       0 |      19 |   0.0 |   850
           D:2 |       0 |       6 |   0.0 |       0 |       4 |   0.0 |   139
               +---------+---------+-------+---------+---------+-------+---------
